 Dungeon Crawl Stone Soup version 0.27.1-1-g398f81649c (webtiles) character file.

Game seed: 12149060200880600018

868 AZSletch the Ruffian (level 7, -7/66 HPs)
             Began as a Troll Transmuter on Sept 15, 2021.
             Killed from afar by Maggie (18 damage)
             ... with a bolt of fire
             ... on level 7 of the Dungeon.
             The game lasted 00:17:15 (4084 turns).

AZSletch the Ruffian (Troll Transmuter)             Turns: 4084, Time: 00:17:17

Health: -7/66      AC:  4    Str: 25    XL:     7   Next: 73%
Magic:  8/9        EV: 10    Int: 17    God:
Gold:   192        SH:  0    Dex: 10    Spells: 7/10 levels left

rFire    . . .     SeeInvis .     - Unarmed
rCold    . . .     Faith    .   (no shield)
rNeg     . . .     Spirit   .   a - +0 robe
rPois    .         Reflect  .   (helmet currently unavailable)
rElec    .         Harm     .   (no cloak)
rCorr    .         Rampage  .   (gloves unavailable)
Will     .....                  (boots unavailable)
Stlth    +.........             (no amulet)
HPRegen  1.21/turn              i - +6 ring of strength
MPRegen  0.11/turn              h - +6 ring of intelligence

@: appendages, attractive, mesmerised, hasted, very quick
A: horns 2, talons 2, large, unfitting armour, claws 3, regeneration 1, shaggy
fur 1, tough skin 1
a: End Transformation


You were on level 7 of the Dungeon.
You had temporarily grown beastly horns and talons.
You visited 1 branch of the dungeon, and saw 7 of its levels.

You collected 192 gold pieces.

Inventory:

Missiles
 g - 117 stones (quivered)
 s - 15 poisoned darts
Armour
 a - a +0 robe (worn)
Jewellery
 c - a ring of protection from fire
 d - a ring of fire
 h - a +6 ring of intelligence (right claw)
 i - a +6 ring of strength (left claw)
 o - a ring of protection from cold
 u - a ring of protection from fire
Wands
 k - a wand of charming (14)
Scrolls
 b - 4 scrolls of teleportation {unknown}
 f - 2 scrolls of amnesia {unknown}
 l - a scroll of enchant armour {unknown}
 n - a scroll of blinking {unknown}
 q - a scroll of enchant weapon {unknown}
 r - 4 scrolls of identify {unknown}
Potions
 e - 2 potions of attraction
 j - a potion of haste
 m - a potion of brilliance {unknown}
 p - a potion of magic
 t - a potion of curing {unknown}
 v - a potion of might {unknown}


   Skills:
 + Level 2.9 Fighting
 + Level 3.2 Dodging
 * Level 6.0 Unarmed Combat
 + Level 2.4 Spellcasting
 + Level 2.9 Transmutations


You had 7 spell levels left.
You knew the following spells:

 Your Spells              Type           Power      Damage    Failure   Level
a - Beastly Appendage     Tmut           24%        N/A       5%          1
b - Wereblood             Tmut           12%        N/A       9%          2

Your spell library contained the following spells:

 Spells                   Type           Power      Damage    Failure   Level
 Spider Form              Tmut/Pois      3%         N/A       30%         3
 Ice Form                 Ice/Tmut       7%         N/A       69%         4


Dungeon Overview and Level Annotations

Branches:
Dungeon (8/15)
 Temple: D:4-7         Lair: D:8-11

Altars:
Cheibriados
Xom

Annotations:
D:2 1 runed translucent door, Crazy Yiuf
D:3 Grinder
D:7 Maggie
D:8 Grum


Innate Abilities, Weirdness & Mutations

You have temporarily grown beastly horns and talons.
You are too large for most types of armour.
You have claws for hands.
Your natural rate of healing is unusually fast.
You are covered in fur. (AC +1)
You have tough skin. (AC +1)


Message History

You howl as the wereblood boils in your veins!
Your primal bloodlust has ended.
Unknown command.
Found a stone staircase leading up.
There is a stone staircase leading up here.
Grum hits you from afar with a -1 spear!!
* * * LOW HITPOINT WARNING * * *
You climb upwards.
There is a stone staircase leading down here.
Press: ? - help, v - describe, . - travel The floor.
Found 12 gold pieces.
Found a bubbling amethyst potion.
Maggie gestures wildly while chanting.
Maggie attempts to bespell you!
You are mesmerised by Maggie!
Maggie casts a spell at you. The bolt of fire hits you!
* * * LOW HITPOINT WARNING * * *
You cannot move away from Maggie!
Maggie mumbles some strange words.
Maggie draws you further into her thrall.
You cannot move away from Maggie!
It was a potion of attraction.
You feel attractive to monsters.
Your wolf bites Maggie but does no damage.
Maggie is pulled toward you!
It was a potion of haste.
You feel yourself speed up.
A jelly comes into view.
The jelly is pulled toward you!
It was a potion of magic.
Magic courses through your body.
The wolf is no longer charmed.
Maggie barely misses you. The jelly is pulled toward you!
The wolf is pulled toward you!
Casting: Wereblood (safe; 9% risk of failure)
Confirm with . or Enter, or press ? or * to list all spells.
You grow a pair of large bovine horns.
Your feet morph into talons.
The wolf closely misses you. Maggie gestures at you while chanting.
The bolt of fire hits you!!
You die...

##......#
##........
##.........
##..>.......
#...........
#...........
#....J......
#..h@.......
#..@........
#...........
#...........
#......$...
##........!
#.........
####....##
#####


You could see Maggie (mesmerising), a wolf and a jelly.

Vanquished Creatures
  An ice beast (D:5)
  An ogre (D:5)
  A wolf (D:8)
  A bullfrog (D:5)
  A scorpion (D:4)
  A bullfrog zombie (D:5)
  A centaur skeleton (D:5)
  2 orc priests (D:4)
  A bullfrog skeleton (D:5)
  An iron imp (D:4)
  3 iguanas
  2 orc wizards (D:4)
  2 killer bee zombies
  A hound skeleton (D:5)
  3 gnolls (D:3)
  2 adders
  2 shadow imps
  3 dart slugs
  6 orcs
  5 bats
  2 endoplasms
  2 giant cockroaches
  6 goblins
  6 hobgoblins
  5 jackals (D:1)
  7 kobolds
  3 quokkas
  6 ball pythons
  4 frilled lizards
  9 rats
90 creatures vanquished.

Vanquished Creatures (others)
  A wolf (D:8)
1 creature vanquished.

Grand Total: 91 creatures vanquished

Notes
Turn   | Place    | Note
-------+----------+-------------------------------------------
     0 | D:1      | AZSletch the Troll Transmuter began the quest for the Orb.
     0 | D:1      | Reached XP level 1. HP: 18/18 MP: 1/1
    38 | D:1      | Reached skill level 1 in Fighting
    38 | D:1      | Reached XP level 2. HP: 27/27 MP: 0/3
    41 | D:1      | Learned a level 2 spell: Wereblood
   721 | D:1      | Reached XP level 3. HP: 32/33 MP: 2/4
   787 | D:1      | Found a faded altar of an unknown god.
  1428 | D:2      | Found a runed translucent door.
  1429 | D:2      | Noticed Crazy Yiuf
  2329 | D:3      | Reached XP level 4. HP: 41/41 MP: 2/5
  2408 | D:3      | Reached skill level 4 in Unarmed Combat
  2765 | D:3      | Noticed Grinder
  2795 | D:4      | Noticed a scorpion
  2803 | D:4      | Killed a scorpion
  2804 | D:4      | Reached XP level 5. HP: 49/49 MP: 1/6
  3534 | D:4      | Found a snail-covered altar of Cheibriados.
  3542 | D:4      | Reached XP level 6. HP: 57/57 MP: 2/7
  3565 | D:4      | Reached skill level 5 in Unarmed Combat
  3669 | D:5      | Entered Level 5 of the Dungeon
  3701 | D:5      | Noticed an ice beast
  3713 | D:5      | Killed an ice beast
  3714 | D:5      | Reached XP level 7. HP: 63/66 MP: 5/9
  3911 | D:5      | Found a shimmering altar of Xom.
  4040 | D:5      | You fall into a shaft and drop 3 floors!
  4046 | D:8      | Noticed Grum
  4054 | D:8      | Reached skill level 6 in Unarmed Combat
  4075 | D:7      | Noticed Maggie
  4084 | D:7      | Killed from afar by Maggie

Illustrated notes

Levels and vault maps discovered:
D:1:      eino_arrival_water_cross, layout_basic, ebering_ecumenical_altar_mist,
          st_stairs_7
D:2:      layout_basic, uniq_crazy_yiuf_cottage
D:3:      layout_loops_ring, uniq_grinder
D:4:      layout_gridville, slow_altar_1
D:5:      layout_basic, mainiacjoe_overflow_surrounded_room, minmay_hedge_maze
D:7:      minmay_blocky_corners, layout_cave_pods,
          lemuel_mausoleum_altar_yredelemnul, minmay_temple_entry_large_hall,
          serial_shops, shop, uniq_joseph, uniq_maggie, uniq_prince_ribbit1
D:8:      layout_basic, mainiacjoe_overflow_alcove_1,
          chequers_temple_overflow_statue_of_worship, minivault_22,
          minmay_quadrilaterals, uniq_pikel, uniq_grum

Skill      XL: |  1  2  3  4  5  6  7 |
---------------+----------------------+-----
Fighting       | 1 2 |  2.9
Dodging        | 2 3 |  3.2
Unarmed Combat | 4 5 6 |  6.0
Transmutations | 2 |  2.9
Spellcasting   | 2 |  2.4

Action                   |  1- 3 |  4- 6 |  7- 9 || total
-------------------------+-------+-------+-------++-------
Melee: Unarmed           |   100 |    73 |    33 ||   206
       Kick              |     8 |    23 |     9 ||    40
       Headbutt          |     3 |    14 |     4 ||    21
       Punch             |     1 |     3 |     2 ||     6
Throw: Stone             |       |    13 |       ||    13
 Cast: Beastly Appendage |    29 |    25 |     5 ||    59
       Wereblood         |     2 |     9 |     4 ||    15
Evoke: Wand              |       |       |     2 ||     2
  Use: Potion            |       |       |     3 ||     3
Armor: Robe              |    34 |    14 |     7 ||    55
Dodge: Dodged            |    52 |    25 |    21 ||    98
